 Dungeon Crawl Stone Soup version 0.30-a0-585-g93115170b9 (webtiles) character file.

Game seed: 17774358482110847410

672 Newt the Trooper (level 7, -2/54 HPs)
             Began as a Demonspawn Gladiator on Jan 2, 2023.
             Was a Follower of Okawaru.
             Slain by an acid dragon (11 damage)
             ... on level 5 of the Dungeon.
             The game lasted 00:06:49 (3761 turns).

Newt the Trooper (Demonspawn Gladiator)             Turns: 3761, Time: 00:06:49

Health: -2/54      AC:  4    Str: 16    XL:     7   Next: 32%
Magic:  7/7        EV: 13    Int: 10    God:    Okawaru [*.....]
Gold:   151        SH:  0    Dex: 14    Spells: 6/6 levels left

rFire   . . .      SeeInvis .    s - +2 whip (elec)
rCold   . . .      Faith    .    (no shield)
rNeg    . . .      Spirit   .    b - +0 leather armour
rPois   .          Reflect  .    (helmet restricted)
rElec   .          Harm     .    C - +0 cloak
rCorr   +          Rampage  .    (no gloves)
Will    .....                    n - +1 pair of boots
Stlth   ++                       w - amulet of regeneration
HPRegen 1.09/turn                m - ring of resist corrosion
MPRegen 0.10/turn                (no ring)

@: corroded
A: antennae 2, icy blue scales 1, powered by death 2
a: Renounce Religion, Heroism


You were on level 5 of the Dungeon.
You worshipped Okawaru.
Okawaru was aware of your devotion.
You visited 2 branches of the dungeon, and saw 6 of its levels.

You collected 151 gold pieces.

Inventory:

Hand Weapons
 a - a +0 rapier
 s - a +2 whip of electrocution (weapon)
Missiles
 g - 4 poisoned darts (quivered)
 o - a javelin
 A - 3 throwing nets
Armour
 b - a +0 leather armour (worn)
 c - a +0 helmet
 n - a +1 pair of boots (worn)
 C - a +0 cloak (worn)
Jewellery
 m - a ring of resist corrosion (left hand)
 w - an amulet of regeneration (around neck)
 y - a ring of poison resistance
Wands
 e - a wand of roots (11)
Scrolls
 f - a scroll of magic mapping
 p - 3 scrolls of teleportation
 v - 2 scrolls of noise
Potions
 i - a potion of attraction
 k - a potion of mutation
 l - 2 potions of might
 r - 2 potions of heal wounds
 t - a potion of brilliance {unknown}
 x - a potion of curing
 B - a potion of cancellation


   Skills:
 - Level 4.0 Fighting
 - Level 2.6 Short Blades
 - Level 4.0 Maces & Flails
 - Level 1.7 Throwing
 - Level 3.0 Armour
 - Level 4.0 Dodging
 - Level 2.0 Stealth
 + Level 1.1 Evocations


You had 6 spell levels left.
You didn't know any spells.
Your spell library contained the following spells:

 Spells                   Type           Power      Damage    Failure   Level
 Cigotuvi's Dreadful Rot  Necr/Pois/Air  0%         N/A       56%         2
 Sublimation of Blood     Necr           0%         N/A       56%         2
 Inner Flame              Hex/Fire       0%         N/A       80%         3
 Vhi's Electric Charge    Tloc/Air       0%         N/A       80%         3
 Dispel Undead            Necr           0%         3d6       99%         4
 Flame Wave               Conj/Fire      0%         2d4       99%         4
 Petrify                  Tmut/Erth      0%         N/A       99%         4
 Sticky Flame             Conj/Fire      0%         2d3       99%         4
 Arcjolt                  Conj/Air       0%         1d10      100%        5
 Irradiate                Conj/Tmut      0%         3d11      100%        5
 Maxwell's Capacitive Co  Air            0%         ∞         100%        8
 Death Channel            Necr           Unusable   N/A       N/A         6

Dungeon Overview and Level Annotations

Branches:
Dungeon (5/15)             Temple (1/1) D:4

Altars:
Ashenzari
Cheibriados
Dithmenos
Fedhas
Gozag
Hepliaklqana
Kikubaaqudgha
Makhleb
Nemelex Xobeh
Okawaru
Qazlal
Ru
Sif Muna
Trog
Uskayaw
Wu Jian
Xom
Yredelemnul

Shops:
D:2 :*[![


Innate Abilities, Weirdness & Mutations

You have a pair of antennae on your head.
You are partially covered in icy blue scales. (AC +2)
You regenerate health from kills.


Message History

The acid dragon claws you. The hound completely misses you.
You hit the hound but do no damage.
The hound is heavily wounded.
The acid dragon barely misses you. The acid dragon closely misses you.
The hound barely misses you.
You closely miss the hound.
The hound is heavily wounded.
The hound bites you. The acid dragon spits acid at you.
The splash of acid hits you! You resist. The hound misses you.
You hit the hound.
The hound is severely wounded.
The acid dragon spits acid at you. The splash of acid hits you! You resist.
The hound bites you.
You barely miss the hound.
The hound is severely wounded.
The hound misses you. The acid dragon spits acid at you.
The splash of acid hits you! You resist.
You barely miss the hound.
The hound is severely wounded.
The hound barely misses you. The acid dragon closely misses you.
The acid dragon claws you. The hound bites you.
You hit the hound.
The hound is severely wounded.
A worm comes into view.
The hound bites you. The acid dragon barely misses you.
The acid dragon claws you.
* * * LOW HITPOINT WARNING * * *
You hit the hound.
The hound is almost dead.
The hound closely misses you. The acid dragon bites you.
* * * LOW HITPOINT WARNING * * *
The acid dragon claws you but does no damage.
You hit the hound but do no damage.
The hound is almost dead.
The hound bites you.
* * * LOW HITPOINT WARNING * * *
The acid dragon bites you!
You die...

#.#######....
.#......... . <........
##. ....... ...#
#.....###
....##.......##...
........hD.#..#... #
#.....@.....w..#
#..###............
#................
#####............
#..).........
################........
#.<........# #........
#..........#####........
#.......................


You could see an acid dragon, a worm and a hound.

Vanquished Creatures
  2 ogres
  A phantom (D:4)
  Blork the orc (D:4)
  A scorpion (D:3)
  Crazy Yiuf (D:3)
  A hound (D:4)
  Ijyb (D:3)
  3 iguanas
  5 adders
  2 worms (D:2)
  5 dart slugs
  9 orcs
  7 bats
  5 endoplasms
  5 giant cockroaches
  7 goblins
  6 hobgoblins
  9 kobolds
  6 quokkas
  7 ball pythons
  2 frilled lizards
  5 rats
91 creatures vanquished.

Notes
Turn   | Place    | Note
-------+----------+-------------------------------------------
     0 | D:1      | Newt the Demonspawn Gladiator began the quest for the Orb.
     0 | D:1      | Reached XP level 1. HP: 16/16 MP: 1/1
    34 | D:1      | Reached skill level 1 in Stealth
    47 | D:1      | Gained mutation: You are partially covered in icy blue
                  | scales. (AC +2) [demonic ancestry]
    47 | D:1      | Reached XP level 2. HP: 10/22 MP: 2/2
   732 | D:1      | Found a faded altar of an unknown god.
   795 | D:1      | Gained mutation: You have a pair of small antennae on your
                  | head. [demonic ancestry]
   795 | D:1      | Reached XP level 3. HP: 28/28 MP: 3/3
   950 | D:2      | Found Qaxt's Distillery.
   963 | D:2      | Found Rasog's Antique Armour Emporium.
   972 | D:2      | Found Jishueck's Book Shop.
  1181 | D:2      | Found Ucanon's Assorted Antiques.
  1346 | D:2      | Found Focsazxu's Armour Shop.
  1430 | D:2      | Gained mutation: You have a pair of antennae on your head.
                  | [demonic ancestry]
  1430 | D:2      | Reached XP level 4. HP: 37/37 MP: 4/4
  1484 | D:2      | Found a snail-covered altar of Cheibriados.
  1787 | D:3      | Noticed an ogre
  1795 | D:3      | Killed an ogre
  1796 | D:3      | Reached XP level 5. HP: 42/42 MP: 5/5
  1915 | D:3      | Noticed Ijyb
  1939 | D:3      | Killed Ijyb
  1958 | D:3      | Gained mutation: You regenerate a little health from kills.
                  | [demonic ancestry]
  1958 | D:3      | Reached XP level 6. HP: 35/48 MP: 6/6
  2120 | D:3      | Found a runed translucent door.
  2121 | D:3      | Noticed Crazy Yiuf
  2189 | D:3      | Killed Crazy Yiuf
  2844 | D:4      | Found a shadowy altar of Dithmenos.
  2871 | D:4      | Found a staircase to the Ecumenical Temple.
  2898 | Temple   | Entered the Ecumenical Temple
  2962 | Temple   | Became a worshipper of Warmaster Okawaru
  3089 | D:4      | Found a burning altar of Makhleb.
  3116 | D:4      | Reached skill level 1 in Armour
  3151 | D:4      | Gained mutation: You regenerate health from kills. [demonic
                  | ancestry]
  3151 | D:4      | Reached XP level 7. HP: 45/54 MP: 7/7
  3192 | D:4      | Noticed Blork the orc
  3202 | D:4      | Killed Blork the orc
  3202 | D:4      | Reached * piety under Okawaru
  3672 | D:4      | Found a snail-covered altar of Cheibriados.
  3684 | D:4      | Found an ancient bone altar of Kikubaaqudgha.
  3687 | D:4      | Found a bloodstained altar of Trog.
  3690 | D:4      | Found a hide-covered altar of Uskayaw.
  3717 | D:5      | Entered Level 5 of the Dungeon
  3739 | D:5      | Reached skill level 1 in Evocations
  3761 | D:5      | Slain by an acid dragon

Illustrated notes

Levels and vault maps discovered:
D:1:      sevenhm_arrival_forest_fort_small_3, layout_rooms,
          ebering_ecumenical_altar_abandoned
D:2:      layout_loops_ring, basic_altar, serial_shops, nicolae_square_shop,
          shop_fountains, shop, shop, nicolae_lakefront_shop, minivault_4,
          minivault_23
D:3:      layout_loops_cross, tso_altar, uniq_crazy_yiuf_cottage, uniq_ijyb
D:4:      layout_basic, nicolae_dithmenos_shadow_blocks,
          grunt_temple_overflow_cloverleaf, makhleb_heckhound_becter,
          minmay_temple_entry_grid, uniq_blork_the_orc
D:5:      layout_rooms, mainiacjoe_overflow_paths, st_stairs_6
Temple:   eino_temple_lava

Skill      XL: |  1  2  3  4  5  6  7 |
---------------+----------------------+-----
Stealth        | 1 2 |  2.0
Fighting       | 3 4 |  4.0
Maces & Flails | 2 3 4 |  4.0
Dodging        | 4 |  4.0
Armour         | 1 3 |  3.0
Evocations     | 1 |  1.1
Short Blades   | |  2.6
Throwing       | |  1.7

Action                   |  1- 3 |  4- 6 |  7- 9 || total
-------------------------+-------+-------+-------++-------
Melee: Rapier            |    86 |       |       ||    86
       Whip              |    46 |   144 |    48 ||   238
       Punch             |       |     4 |     2 ||     6
Throw: Throwing net      |     1 |     4 |       ||     5
       Dart              |       |     5 |       ||     5
       Javelin           |       |     1 |       ||     1
  Use: Potion            |     2 |     4 |       ||     6
       Scroll            |     1 |     9 |       ||    10
 Stab: Sleeping          |     4 |     2 |     1 ||     7
       Distracted        |       |     1 |       ||     1
Armor: Leather armour    |    51 |    41 |    15 ||   107
Dodge: Dodged            |    93 |    70 |    30 ||   193

Table legend: (Time is in decaauts)
 A = Elapsed time spent in this place.
 B = Non-inter-level travel time spent in this place.
 C = Inter-level travel time spent in this place.
 D = Time resting spent in this place.
 E = Time spent auto-exploring this place.
 F = Levels seen in this place.
 G = Mean time per level.
                   A        B        C        D        E       F      G
               +--------+--------+--------+--------+--------+-----+--------+
         Total |   3780 |   3593 |    187 |    661 |   2215 |   6 |  630.0 |
       Dungeon |   3706 |   3543 |    163 |    661 |   2173 |   5 |  741.2 |
        Temple |     73 |     50 |     23 |      0 |     42 |   1 |   73.0 |
               +--------+--------+--------+--------+--------+-----+--------+

Top non-repeatable levels by time:
     D:4: 1138 daAuts
     D:1: 951 daAuts
     D:2: 809 daAuts
     D:3: 765 daAuts
  Temple: 73 daAuts
     D:5: 41 daAuts
